 Dungeon Crawl Stone Soup version 0.25.1-2-g60ff931df9 (webtiles) character file.

Game seed: 6373318881388704169

53 DogServant the Ruffian (level 3, 0/28 HPs)
             Began as a Draconian Transmuter on Nov 8, 2020.
             Slain by a sky beast (2 damage)
             ... on level 1 of the Dungeon.
             The game lasted 00:02:43 (1473 turns).

DogServant the Ruffian (Draconian Transmuter)       Turns: 1473, Time: 00:02:44

Health: 0/28       AC:  5    Str: 13    XL:     3   Next: 62%
Magic:  3/6        EV: 12    Int: 13    God:
Gold:   74         SH:  0    Dex: 11    Spells: 0/6 levels left

rFire    . . .     SeeInvis .     - Unarmed
rCold    . . .     Gourm    .   (no shield)
rNeg     . . .     Faith    .   (armour unavailable)
rPois    .         Spirit   .   (helmet restricted)
rElec    .         Reflect  .   (no cloak)
rCorr    +         Harm     .   (no gloves)
MR       .....                  (no boots)
Stlth    +.........             (no amulet)
HPRegen  0.09/turn              j - ring of resist corrosion
MPRegen  0.10/turn              (no ring)

@: stab, flying
A: unfitting armour, cold-blooded, AC +5
a: no special abilities


You were on level 1 of the Dungeon.
You were very hungry.

You visited 1 branch of the dungeon, and saw 2 of its levels.

You collected 74 gold pieces.

Inventory:

Missiles
 a - 75 arrows
 g - 6 poisoned darts (quivered)
Jewellery
 j - a ring of resist corrosion (left hand)
Scrolls
 i - a scroll of immolation {unknown}
Comestibles
 c - 4 rations


   Skills:
 - Level 1.1 Fighting
 - Level 1.7 Dodging
 + Level 3.8 Unarmed Combat
 - Level 2.0 Spellcasting
 + Level 3.1 Transmutations
 + Level 0.4 Poison Magic


You couldn't memorise any spells.
You knew the following spells:

 Your Spells              Type           Power        Failure   Level  Hunger
a - Beastly Appendage     Tmut           #.....       7%          1    ##.....
b - Sticks to Snakes      Tmut           #.......     11%         2    ###....
c - Spider Form           Tmut/Pois      #.........   36%         3    ####...

Your spell library contained the following spells:

 Spells                   Type           Power        Failure   Level  Hunger
 Ice Form                 Ice/Tmut       #.......     80%         4    #####..
 Blade Hands              Tmut           #.........   89%         5    ######.


Dungeon Overview and Level Annotations

Branches:
Dungeon (2/15)

Altars:


Innate Abilities, Weirdness & Mutations

Your plain brown scales are hard. (AC +5)
You cannot fit into any form of body armour.
You are cold-blooded and may be slowed by cold attacks.


Message History

A sky beast appears from thin air!
Reactivating autopickup.
Okay, then.
It was a potion of cancellation.
You feel magically purged.
Your magical contamination has completely faded away.
The sky beast hits you. The sky beast shocks you.
* * * LOW HITPOINT WARNING * * *
It was a potion of flight.
You feel very buoyant.
You fly up into the air.
The sky beast hits you.
* * * LOW HITPOINT WARNING * * *
The sky beast shocks you.
* * * LOW HITPOINT WARNING * * *
It was a potion of stabbing.
You feel ready to backstab. The sky beast misses you.
As you read the scroll labeled ZOMAWK IKIV, it crumbles to dust.
You feel blessed for a moment.
It was a scroll of remove curse.
The sky beast hits you.
You die...

######.# #.....###.##
#......... #.# ##.##.##
##.####.....##. #.#
#....## ##.>........#.
#.# #..##(##
##...####.##.#. ######.#
#..###(###.#..#######.#.
.......# #..#
##.#.##.)........#.
######## #..#
##.####.######.^#. #..#
##Y# ##.## #..#. #..#
#@.###...#####..#. #..#
#.###.........[.#.
#######..####.#
#....#####.##.
####..........##.#
#.#.## #.##.
......####..#.##.###.#.#
#.... ......#
#..#.##.....#.# ###>.
#####.# #.............#
###.. ## #.#
##..........### #.... .#
#.# ###.######.# #.#.#


You could see a sky beast.

Vanquished Creatures
  An adder (D:2)
  5 dart slugs
  A leopard gecko (D:1)
  4 hobgoblins (D:1)
  A bat (D:1)
  A frilled lizard (D:2)
  9 goblins
  8 kobolds
  2 rats (D:1)
32 creatures vanquished.

Notes
Turn   | Place    | Note
-------+----------+-------------------------------------------
     0 | D:1      | DogServant the Draconian Transmuter began the quest for the
                  | Orb.
     0 | D:1      | Reached XP level 1. HP: 16/16 MP: 3/3
   134 | D:1      | Reached XP level 2. HP: 23/23 MP: 3/5
   402 | D:1      | Reached XP level 3. HP: 24/28 MP: 6/6
  1119 | D:2      | Learned a level 2 spell: Sticks to Snakes
  1123 | D:2      | Learned a level 3 spell: Spider Form
  1416 | D:2      | Noticed a sky beast
  1466 | D:1      | HP: 1/28 [sky beast (5)]
  1473 | D:1      | Slain by a sky beast

Illustrated notes

Levels and vault maps discovered:
D:1:      sevenhm_arrival_forest_fort_small_4, layout_loops_ring
D:2:      layout_loops_corners

Skill      XL: |  1  2  3 |
---------------+----------+-----
Transmutations | 3 |  3.1
Fighting       | |  1.1
Dodging        | |  1.7
Unarmed Combat | |  3.8
Spellcasting   | |  2.0
Poison Magic   | |  0.4

Action                   || total
-------------------------++-------
Melee: Unarmed           ||    93
       Kick              ||     9
       Tailslap          ||     5
       Headbutt          ||     1
       Punch             ||     1
Throw: Dart              ||     3
 Cast: Beastly Appendage ||     8
       Sticks to Snakes  ||     2
  Use: Potion            ||     3
       Scroll            ||     1
  Eat: Chunk             ||     1
Armor: Skin              ||    26
Dodge: Dodged            ||    54
